 Dungeon Crawl Stone Soup version 0.28-b1-70-g80dc712255 (webtiles) character file.

Game seed: 7685658487533180733

53 LustLizard the Chopper (level 3, 0/33 HPs)
             Began as a Minotaur Berserker on Feb 4, 2022.
             Was a Follower of Trog.
             Killed from afar by an orc wizard (3 damage)
             ... with a magic dart
             ... on level 2 of the Dungeon.
             The game lasted 00:03:17 (945 turns).

LustLizard the Chopper (Minotaur Berserker)          Turns: 945, Time: 00:03:19

Health: 0/33       AC:  3    Str: 21    XL:     3   Next: 64%
Magic:  2/2        EV: 11    Int:  6    God:    Trog [*.....]
Gold:   19         SH:  0    Dex:  9    Spells: 2/2 levels left

rFire   . . .      SeeInvis .   a - +0 hand axe
rCold   . . .      Faith    .   (no shield)
rNeg    . . .      Spirit   .   f - +0 leather armour
rPois   .          Reflect  .   (helmet restricted)
rElec   .          Harm     .   (no cloak)
rCorr   .          Rampage  .   (no gloves)
Will    .....                   (no boots)
Stlth   ..........              (no amulet)
HPRegen 0.11/turn               (no ring)
MPRegen 0.08/turn               (no ring)

@: confused
A: horns 2, retaliatory headbutt
a: Renounce Religion, Berserk


You were on level 2 of the Dungeon.
You worshipped Trog.
Trog was aware of your devotion.
You visited 1 branch of the dungeon, and saw 2 of its levels.

You collected 19 gold pieces.

Inventory:

Hand Weapons
 a - a +0 hand axe (weapon)
Missiles
 d - 55 stones (quivered)
Armour
 b - a +0 animal skin
 f - a +0 leather armour (worn)
Scrolls
 c - a scroll of teleportation {unknown}
Potions
 e - a potion of attraction {unknown}
 g - a potion of mutation {unknown}
 h - a potion of lignification {unknown}
 i - a potion of flight {unknown}


   Skills:
 + Level 4.1 Fighting
 * Level 4.8 Axes
 * Level 1.4 Throwing
 - Level 2.4 Armour
 - Level 2.1 Dodging


You had 2 spell levels left.
You didn't know any spells.
Your spell library was empty.

Dungeon Overview and Level Annotations

Branches:
Dungeon (2/15)

Altars:


Innate Abilities, Weirdness & Mutations

You have a pair of horns on your head.
You reflexively headbutt those who attack you in melee.


Message History

The orc wizard barely misses you.
You see here a hobgoblin corpse.
You closely miss something. Your headbutt misses something.
You hit the orc but do no damage. You completely miss something.
The orc hits you with a +0 club. Something hits you.
Something hits you but does no damage.
The orc wizard points at you and mumbles some strange words.
The puff of flame hits something.
Reactivating autopickup.
You feel a bit more experienced.
You're too confused to move!
The orc hits you but does no damage.
You hear some strange, mumbled words.
Deactivating autopickup; reactivate with Ctrl-A.
Something tries to affect you, but you resist.
You bump into the rock wall.
The goblin unwields a +0 dagger of draining.
The goblin wields a +0 hunting sling.
The goblin shoots a stone.
The stone hits you but does no damage. The orc barely misses you.
You hear some strange, mumbled words.
Something tries to affect you, but you resist.
You barely miss the orc. You miss something.
The orc hits you but does no damage.
The goblin shoots a stone.
The stone hits you. Something hits you but does no damage.
You miss something. You hit the orc but do no damage.
The orc hits you with a +0 club.
The goblin shoots a stone.
The stone misses you. Something hits you.
* * * LOW HITPOINT WARNING * * *
You closely miss something. You closely miss the orc.
The orc hits you with a +0 club.
* * * LOW HITPOINT WARNING * * *
The goblin shoots a stone.
The stone misses you. Something hits you.
* * * LOW HITPOINT WARNING * * *
You completely miss something. You closely miss the orc. The orc misses you.
The goblin shoots a stone.
The stone misses you.
The orc wizard gestures wildly while chanting.
The orc wizard flickers and vanishes!
You hear some strange, mumbled words.
A magic dart appears from out of thin air!
The magic dart hits you.
You die...

..#########.###
###.......##...#
......##.##..##
#<#...#.###..#
#............# #
#.....#......#
#.#..#.##.####.#
#....)....####.#
#.##.#.##.##o@.#
# #.#.##.##{#)#
#...##...{.g#
###.##......#
#.####.###.....#
#....<.# #.....#
##.............#
#..#####.......
#.. #..#####


You could see an orc and a goblin.

Vanquished Creatures
  A dart slug (D:1)
  An orc (D:2)
  4 ball pythons (D:1)
  2 endoplasms
  4 goblins
  5 hobgoblins
  A bat (D:1)
  2 frilled lizards (D:1)
  4 kobolds (D:1)
  3 rats (D:1)
27 creatures vanquished.

Vanquished Creatures (others)
  An orc wizard (D:2)
  3 plants (D:1)
4 creatures vanquished.

Grand Total: 31 creatures vanquished

Notes
Turn   | Place    | Note
-------+----------+-------------------------------------------
     0 | D:1      | LustLizard the Minotaur Berserker began the quest for the
                  | Orb.
     0 | D:1      | Reached XP level 1. HP: 19/19 MP: 0/0
    36 | D:1      | Reached XP level 2. HP: 10/27 MP: 1/1
   833 | D:1      | Found a faded altar of an unknown god.
   879 | D:2      | Reached XP level 3. HP: 31/33 MP: 2/2
   929 | D:2      | Reached skill level 1 in Throwing
   945 | D:2      | Killed from afar by an orc wizard

Illustrated notes

Levels and vault maps discovered:
D:1:      giann_horns, layout_rooms, shapermc_ecumenical_altar_petra,
          minmay_distorted
D:2:      cheibrodos_fertilizer, layout_loops_cross, minmay_increasing_density

Skill      XL: |  1  2  3 |
---------------+----------+-----
Axes           | 4 |  4.8
Fighting       | 4 |  4.1
Throwing       | 1 |  1.4
Armour         | |  2.4
Dodging        | |  2.1

Action                   || total
-------------------------++-------
Melee: Hand axe          ||    77
       Headbutt          ||     8
       Punch             ||     1
Invok: Berserk           ||     1
Armor: Animal skin       ||     3
       Leather armour    ||    18
Dodge: Dodged            ||    58
